 Dungeon Crawl Stone Soup version 0.22-a0-414-gacd343e (webtiles) character file.

123 Goblin1989 the Chopper (level 4, 0/36 HPs)
             Began as a Demonspawn Chaos Knight on May 13, 2018.
             Succumbed to an adder's poison
             ... on level 3 of the Dungeon.
             The game lasted 00:05:06 (2658 turns).

Goblin1989 the Chopper (Demonspawn Chaos Knight)    Turns: 2658, Time: 00:05:07

Health: 0/36       AC:  6    Str: 14    XL:     4   Next: 79%
Magic:  4/4        EV: 11    Int: 13    God:    Xom [.*....]
Gold:   84         SH:  0    Dex: 12    Spells: 3/3 levels left

rFire    . . .     SeeInvis .   v - +0 hand axe
rCold    . . .     Gourm    .   (no shield)
rNeg     . . .     Faith    .   b - +2 leather armour
rPois    .         Spirit   .   (helmet restricted)
rElec    .         Reflect  .   (no cloak)
rCorr    .         Harm     .   (no gloves)
MR       .....                  (no boots)
Stlth    +.........             (no amulet)
HPRegen  0.12/turn              (no ring)
MPRegen  0.09/turn              (no ring)

@: lethally poisoned (0 -> -7), hasted, very quick
A: antennae 1, rugged brown scales 1
a: Renounce Religion


You were on level 3 of the Dungeon.
You worshipped Xom.
You were a plaything of Xom.
You were hungry.

You visited 1 branch of the dungeon, and saw 3 of its levels.

You collected 84 gold pieces.

Inventory:

Hand Weapons
 a - a +0 hand axe of chaos
 f - a +3 short sword
 v - a +0 hand axe (weapon)
Armour
 b - a +2 leather armour (worn)
Scrolls
 j - a scroll of blinking {unknown}
 k - a scroll of immolation
 q - a scroll of enchant weapon {unknown}
 T - 5 scrolls of teleportation {!r, @r2}
Potions
 i - a potion of agility {@q5}
 p - a potion of magic
 r - a potion of flight
Comestibles
 e - 5 rations


   Skills:
 - Level 3.0 Fighting
 + Level 5.1 Axes
 - Level 1.7 Armour
 - Level 0.8 Dodging


You had 3 spell levels left.
You didn't know any spells.
Your spell library was empty.

Dungeon Overview and Level Annotations

Branches:
Dungeon (3/15)

Altars:
Makhleb

Annotations:
D:3 Terence


Innate Abilities, Weirdness & Mutations

You have a pair of small antennae on your head.
You are partially covered in rugged brown scales. (AC +1, +3% HP)


Message History

You miss the adder.
The adder is heavily wounded.
You feel sick. The adder bites you but does no damage.
You take 1 damage, and have 27/36 hp.
You hit the adder but do no damage.
The adder is heavily wounded.
The adder barely misses you.
You miss the adder.
The adder is heavily wounded.
The adder bites you. x2
You take 2 damage, and have 25/36 hp.
You barely miss the adder.
The adder is heavily wounded.
The adder misses you.
You hit the adder but do no damage.
The adder is heavily wounded.
You feel sick. The adder closely misses you.
You take 1 damage, and have 24/36 hp.
You barely miss the adder.
The adder is heavily wounded.
The adder bites you. x2
You are more poisoned.
The adder poisons you!
You take 5 damage, and have 19/36 hp.
You are too injured to fight recklessly!
You are too injured to fight recklessly!
You are too injured to fight recklessly!
You are too injured to fight recklessly!
You are too injured to fight recklessly!
You are too injured to fight recklessly!
You are too injured to fight recklessly!
You are too injured to fight recklessly!
You are too injured to fight recklessly!
You are too injured to fight recklessly!
You are too injured to fight recklessly!
You are too injured to fight recklessly!
You are too injured to fight recklessly!
You are too injured to fight recklessly!
You are too injured to fight recklessly!
You are too injured to fight recklessly!
You are too injured to fight recklessly!
Unknown command.
You closely miss the adder.
The adder is heavily wounded.
The adder bites you but does no damage.
You miss the adder.
The adder is heavily wounded.
You feel sick. The adder bites you.
You are more poisoned.
The adder poisons you!
You take 2 damage, and have 18/36 hp.
You closely miss the adder.
The adder is heavily wounded.
You feel sick. The adder bites you.
* * * LOW HITPOINT WARNING * * *
The adder bites you.
* * * LOW HITPOINT WARNING * * *
You are lethally poisoned!
The adder poisons you!
You take 6 damage, and have 12/36 hp.
You hit the adder.
You kill the adder!
* * * LOW HITPOINT WARNING * * *
You feel sick.
You take 2 damage, and have 10/36 hp.
* * * LOW HITPOINT WARNING * * *
You feel sick.
You see here an adder corpse.
You take 1 damage, and have 9/36 hp.
* * * LOW HITPOINT WARNING * * *
You feel sick.
You take 2 damage, and have 7/36 hp.
It was a potion of magic.
Magic courses through your body.
* * * LOW HITPOINT WARNING * * *
You feel sick.
You take 1 damage, and have 6/36 hp.
Unknown command.
Okay, then.
You feel yourself speed up.
* * * LOW HITPOINT WARNING * * *
You feel sick.
You take 1 damage, and have 5/36 hp.
* * * LOW HITPOINT WARNING * * *
You feel sick.
You see here an adder corpse.
* * * LOW HITPOINT WARNING * * *
You feel sick.
You take 1 damage, and have 4/36 hp.
* * * LOW HITPOINT WARNING * * *
You feel sick.
You take 1 damage, and have 3/36 hp.
* * * LOW HITPOINT WARNING * * *
You feel sick.
You take 1 damage, and have 2/36 hp.
* * * LOW HITPOINT WARNING * * *
You feel sick.
You see here a trident.
You take 1 damage, and have 1/36 hp.
You die...
Xom is highly amused!

.. █.█ ██ ██.█ █.
.█.█ █. █.█.█
█.██.█.█ █
██.██.█.████████.
█.██...█....@.......
█.█...†.██)█████████
█.........=█
███.....████ ██...██
██.██ █.█ █.█
█████████.█


There were no monsters in sight!

Vanquished Creatures
  3 gnolls
  3 adders
  An ooze (D:3)
  A worm (D:2)
  A dart slug (D:1)
  4 orcs (D:3)
  6 bats
  4 giant cockroaches
  7 goblins
  7 hobgoblins
  2 jackals
  A kobold (shapeshifter) (D:1)
  3 frilled lizards
  5 kobolds
  3 rats
51 creatures vanquished.

Notes
Turn   | Place    | Note
-------+----------+-------------------------------------------
     0 | D:1      | Goblin1989 the Demonspawn Chaos Knight began the quest for the Orb.
     0 | D:1      | Reached XP level 1. HP: 18/18 MP: 1/1
     8 | D:1      | XOM: potion effect (agility)
    86 | D:1      | XOM: divination: detect creatures
    87 | D:1      | Reached skill level 3 in Axes
   290 | D:1      | XOM: harmless Erth miscast
   311 | D:1      | Gained mutation: You have a pair of small antennae on your head. [demonic ancestry]
   311 | D:1      | Reached XP level 2. HP: 24/24 MP: 2/2
   723 | D:1      | XOM: divination: magic mapping
   748 | D:1      | XOM: harmless Air miscast
   882 | D:1      | XOM: silly message
   898 | D:2      | XOM: noise
   899 | D:2      | XOM: butterfly on damage
  1075 | D:1      | Reached XP level 3. HP: 22/29 MP: 3/3
  1147 | D:2      | XOM: divination: detect items
  1159 | D:2      | Reached skill level 4 in Axes
  1665 | D:2      | Found a burning altar of Makhleb.
  1791 | D:3      | Gained mutation: You are partially covered in rugged brown scales. (AC +1, +3% HP) [demonic ancestry]
  1791 | D:3      | Reached XP level 4. HP: 23/36 MP: 4/4
  2124 | D:3      | Noticed Terence
  2202 | D:2      | XOM: harmless Pois miscast
  2418 | D:2      | XOM: harmless Necr miscast
  2591 | D:3      | Reached skill level 5 in Axes
  2656 | D:3      | HP: 1/36 [poisoned by an adder]
  2658 | D:3      | Succumbed to an adder's poison

Vault maps used:
D:1:      evilmike_arrival_plus
D:2:      lemuel_crystal_altar, first_ration
D:3:      uniq_terence

Skill      XL: |  1  2  3  4 |
---------------+-------------+-----
Axes           | 3 4 5 |  5.1
Fighting       | |  3.0
Armour         | |  1.7
Dodging        | |  0.8

Action                   |  1- 3 |  4- 6 || total
-------------------------+-------+-------++-------
Melee: Hand axe          |   127 |    58 ||   185
  Use: Scroll            |       |     8 ||     8
       Potion            |       |     2 ||     2
 Stab: Sleeping          |     2 |       ||     2
       Petrifying        |     1 |       ||     1
  Eat: Chunk             |     3 |     2 ||     5
Armor: Leather armour    |    46 |    20 ||    66
Dodge: Dodged            |    90 |    34 ||   124

Table legend:
 A = Spawn XP
 B = Non-spawn XP
 C = Spawn XP percentage of total XP
 D = Spawn monster count
 E = Non-spawn monster count
 F = Spawn count percentage of total count
 G = Total turns spent on level
                    A         B        C        D         E        F      G
               +---------+---------+-------+---------+---------+-------+---------
         Total |       0 |     176 |   0.0 |       0 |      51 |   0.0 |  2658
               +---------+---------+-------+---------+---------+-------+---------
           D:1 |       0 |      35 |   0.0 |       0 |      19 |   0.0 |  1113
           D:2 |       0 |      73 |   0.0 |       0 |      19 |   0.0 |  1097
           D:3 |       0 |      68 |   0.0 |       0 |      13 |   0.0 |   448
               +---------+---------+-------+---------+---------+-------+---------

Vault maps used:
D:1:      evilmike_arrival_plus
D:2:      lemuel_crystal_altar, first_ration
D:3:      uniq_terence
